 Dungeon Crawl Stone Soup version 0.31.0-9-g3a7656b989 (webtiles) character file.

Game seed: 782077408492174207

130 qw the Skirmisher (level 4, -3/25 HPs)
             Began as a Deep Elf Hunter on Feb 2, 2024.
             Slain by an iguana (6 damage)
             ... on level 3 of the Dungeon.
             The game lasted 00:00:05 (1632 turns).

qw the Skirmisher (Deep Elf Hunter)                 Turns: 1632, Time: 00:00:05

Health: -3/25      AC:  3    Str: 10    XL:     4   Next: 90%
Magic:  6/6        EV: 12    Int: 14    God:
Gold:   153        SH:  0    Dex: 18    Spells: 3/3 levels left

rFire   . . .        a - +0 shortbow (heavy)
rCold   . . .        (shield currently unavailable)
rNeg    . . .        c - +0 leather armour
rPois   .            (no helmet)
rElec   .            (no cloak)
rCorr   .            (no gloves)
SInv    .            (no boots)
Will    .....        (no amulet)
Stlth   ++           (no ring)
HPRegen 0.24/turn    (no ring)
MPRegen 0.10/turn

%: no passive effects
@: no status effects
A: no striking features
a: no special abilities


You were on level 3 of the Dungeon.
You visited 1 branch of the dungeon, and saw 3 of its levels.

You collected 153 gold pieces.


   Skills:
 - Level 1.5 Fighting
 + Level 8.3 Ranged Weapons
 - Level 2.4 Dodging
 - Level 1.2 Stealth


You had 3 spell levels left.
You didn't know any spells.
Your spell library was empty.

Inventory:

Hand Weapons
 a - a +0 heavy shortbow (weapon)
Armour
 c - a +0 leather armour (worn)
Scrolls
 f - 2 scrolls of brand weapon
Potions
 b - a potion of heal wounds {unknown}
 e - a potion of magic {unknown}
 g - a potion of brilliance {unknown}
 j - a potion of mutation {unknown}
 k - a potion of ambrosia {unknown}

Dungeon Overview and Level Annotations

Branches:
Dungeon (3/15)

Altars:

Annotations:
D:3 Robin


Message History

The goblin misses you. The frilled lizard misses you.
You shoot an arrow. The arrow barely misses the goblin.
The arrow hits the goblin.
The goblin is severely wounded.
The frilled lizard bites you but does no damage.
The goblin hits you with a +0 club. The goblin closely misses you.
Robin throws the goblin at you!
The frilled lizard bites you but does no damage.
You shoot an arrow. The arrow hits the goblin!
You kill the goblin!
The goblin hits you with a +0 club. The frilled lizard misses you.
You shoot an arrow. The arrow hits the goblin!!
You kill the goblin!
The frilled lizard barely misses you. The goblin hits you with a +0 dagger.
The frilled lizard closely misses you.
You shoot an arrow. The arrow closely misses the goblin.
The arrow hits the hobgoblin!
You kill the hobgoblin!
The goblin closely misses you. The frilled lizard barely misses you.
You shoot an arrow. The arrow hits the goblin!
You kill the goblin!
The goblin no longer looks unusually strong.
The frilled lizard misses you. The frilled lizard bites you.
The iguana barely misses you.
You shoot an arrow. The arrow hits the iguana!
The iguana is severely wounded.
The iguana closely misses you. The frilled lizard barely misses you.
You shoot an arrow.
The arrow hits the iguana but does no damage.
The iguana is severely wounded.
The hobgoblin no longer looks unusually strong.
The iguana closely misses you.
The frilled lizard bites you but does no damage.
The frilled lizard closely misses you. The iguana bites you.
You shoot an arrow. The arrow hits the iguana.
The iguana is severely wounded.
You hear a shout!
The hobgoblin no longer looks unusually strong.
The iguana bites you.
You die...

#...... #...... #####
....... #.... .....%g'
+.>.. .)..g #.... .. .gg##
#.... ... #ll# #....
...#######@#####.## ##+##
........##))....... #.##
........##.#####...#####...
........##.#####......<...<
#.......'........########..
#.......##.##.##...........
#.......##.##.%....###.###.
#.......##....#......#.####
#.......##....'...##.#....#


You could see an iguana, Robin, 2 hobgoblins, a goblin and a frilled lizard.

Vanquished Creatures
  An orc priest (D:3)
  4 adders
  A dart slug (D:3)
  4 orcs (D:3)
  9 ball pythons
  3 endoplasms (D:2)
  4 giant cockroaches
  11 goblins
  9 hobgoblins
  3 kobolds (D:2)
  A quokka (D:3)
  A bat (D:2)
  5 rats
56 creatures vanquished.

Notes
Turn   | Place    | Note
-------+----------+-------------------------------------------
     0 | D:1      | qw the Deep Elf Hunter began the quest for the Orb.
     0 | D:1      | Reached XP level 1. HP: 12/12 MP: 3/3
     0 | D:1      | 0 ||| qw: Version: 0.3-a-155-g5e7d8dd
     0 | D:1      | 0 ||| qw: Game counter: 1001
     0 | D:1      | 0 ||| qw: Melee chars always use a shield: true
     0 | D:1      | 0 ||| qw: God list: Okawaru
     0 | D:1      | 0 ||| qw: Allow faded altars: false
     0 | D:1      | 0 ||| qw: Do Orc after clearing Dungeon:15 true
     0 | D:1      | 0 ||| qw: Do second Lair branch before Depths: true
     0 | D:1      | 0 ||| qw: Lair rune preference: random
     0 | D:1      | 0 ||| qw: Goals: Normal
     0 | D:1      | 0 ||| PLANNING D:1-11
   192 | D:1      | Reached XP level 2. HP: 16/16 MP: 4/4
   210 | D:1      | Reached skill level 6 in Ranged Weapons
   584 | D:1      | 584 ||| READING 2 scrolls labelled JAUMUN QESUR.
   584 | D:1      | 584 ||| BRANDING +0 shortbow.
   585 | D:1      | 585 ||| READING scroll labelled ZAIQAI VOSOSOWN.
   586 | D:1      | 586 ||| DROPPING scroll of butterflies.
   673 | D:2      | Reached XP level 3. HP: 20/20 MP: 5/5
   811 | D:2      | Reached skill level 7 in Ranged Weapons
  1346 | D:2      | 1346 ||| READING scroll labelled CAUGEPNIOL.
  1346 | D:2      | 1346 ||| IDENTIFYING pink potion
  1347 | D:2      | 1347 ||| READING scroll labelled MATSAA DOINK.
  1348 | D:2      | 1348 ||| READING scroll labelled ASHYONICIOSS.
  1349 | D:2      | 1349 ||| DROPPING potion of berserk rage.
  1402 | D:3      | Reached XP level 4. HP: 25/25 MP: 6/6
  1520 | D:3      | Reached skill level 8 in Ranged Weapons
  1580 | D:3      | 1580 ||| FLEEEEING.
  1581 | D:3      | 1581 ||| FLEEEEING.
  1582 | D:3      | 1582 ||| FLEEEEING.
  1583 | D:3      | 1583 ||| FLEEEEING.
  1618 | D:3      | Noticed Robin
  1631 | D:3      | HP: 3/25 [iguana (5)]
  1632 | D:3      | Slain by an iguana

Levels and vault maps discovered:
D:1:      dpeg_arrival_three_bigger_balls, layout_loops_ring
D:2:      layout_loops_corners, minmay_pentomino_u2
D:3:      layout_basic, lemuel_doored_altar, grunt_decor_cap, uniq_robin

Skill      XL: |  1  2  3  4 |
---------------+-------------+-----
Ranged Weapons | 6 7 8 |  8.3
Fighting       | |  1.5
Dodging        | |  2.4
Stealth        | |  1.2

Action                     |  1- 3 |  4- 6 || total
---------------------------+-------+-------++-------
   Fire: Shortbow          |    81 |    35 ||   116
    Use: Scroll            |     5 |       ||     5
 Armour: Leather armour    |    15 |    20 ||    35
  Dodge: Dodged            |    25 |    26 ||    51

Table legend:
 A = Non-vault XP
 B = Vault XP
 C = Vault XP percentage of total XP
 D = Non-vault monster count
 E = Vault monster count
 F = Vault count percentage of total count
                 A         B        C        D         E       F
            +---------+---------+-------+---------+---------+-------
      Total |     171 |      16 |   8.6 |      48 |       8 |  14.3
            +---------+---------+-------+---------+---------+-------
        D:1 |      22 |       0 |   0.0 |      15 |       0 |   0.0
        D:2 |      71 |       2 |   2.7 |      22 |       1 |   4.3
        D:3 |      78 |      14 |  15.2 |      11 |       7 |  38.9
            +---------+---------+-------+---------+---------+-------
